 Dungeon Crawl Stone Soup version 0.29.1-15-g9cfb28693d (webtiles) character file.

Game seed: 11047847020715228833

247 hawla the Chiller (level 6, -4/46 HPs)
             Began as a Meteoran Ice Elementalist on Mar 8, 2023.
             Was an Initiate of Vehumet.
             Slain by a phantom (6 damage)
             ... on level 4 of the Dungeon.
             The game lasted 00:03:02 (731 turns).

hawla the Chiller (Meteoran Ice Elementalist)        Turns: 731, Time: 00:03:03

Health: -4/46      AC:  3    Str:  8 (9)  XL:     6   Next: 60%
Magic:  15/15      EV: 12    Int: 17 (18) God:    Vehumet [......]
Gold:   82         SH:  0    Dex: 15 (16) Spells: 8/16 levels left

rFire   . . .      SeeInvis .   d - +0 quarterstaff
rCold   . . .      Faith    .   (shield currently unavailable)
rNeg    . . .      Spirit   .   a - +0 robe
rPois   .          Reflect  .   i - +0 helmet
rElec   .          Harm     .   (no cloak)
rCorr   .          Rampage  .   (no gloves)
Will    .....                   (no boots)
Stlth   +.........              (no amulet)
HPRegen 0.15/turn               (no ring)
MPRegen 0.14/turn               (no ring)

@: glowing
A: sense surroundings 1, otherworldly, glowing, explore regen
a: Renounce Religion


You were on level 4 of the Dungeon.
You worshipped Vehumet.
Vehumet was noncommittal.
You visited 2 branches of the dungeon, and saw 5 of its levels.

You collected 82 gold pieces.

Inventory:

Hand Weapons
 d - a +0 quarterstaff (weapon)
Armour
 a - a +0 robe (worn)
 i - a +0 helmet (worn)
Scrolls
 e - a scroll of identify {unknown}
 f - a scroll of poison {unknown}
 g - a scroll of immolation {unknown}
 h - a scroll of teleportation {unknown}
Potions
 b - a potion of magic


   Skills:
 - Level 0.3 Fighting
 - Level 1.3 Staves
 - Level 2.6 Dodging
 - Level 1.4 Stealth
 - Level 5.6 Spellcasting
 - Level 6.0 Ice Magic


You had 8 spell levels left.
You knew the following spells:

 Your Spells              Type           Power      Damage    Failure   Level
a - Freeze                Ice            100%       1d11      1%          1
b - Frozen Ramparts       Ice            50%        1d8       3%          3
c - Hailstorm             Conj/Ice       15%        3d5       36%         4

Your spell library contained the following spells:

 Spells                   Type           Power      Damage    Failure   Level
 Ozocubu's Armour         Ice            25%        N/A       3%          3
 Sublimation of Blood     Necr           4%         N/A       21%         2
 Petrify                  Tmut/Erth      4%         N/A       80%         4
 Irradiate                Conj/Tmut      2%         3d12      98%         5


Dungeon Overview and Level Annotations

Branches:
Dungeon (4/15) Zot: 1675   Temple (1/1) D:4 Zot: 587

Altars:
Dithmenos
Fedhas
Gozag
Kikubaaqudgha
Nemelex Xobeh
Ru
Vehumet
Wu Jian
The Shining One


Innate Abilities, Weirdness & Mutations

You passively map a small area around you.
You are easily found by Zot.
You glow in the dark.
You regain HP and MP as you explore.


Message History

* * * LOW HITPOINT WARNING * * *
The phantom blinks!
You blink.
Casting: Hailstorm (quite dangerous; 36% risk of failure)
Confirm with . or Enter, or press ? or * to list all spells.
Casting: Frozen Ramparts (dangerous; 3% risk of failure)
Press: ? - help, Dir - look around, f - activate The walls around you are covered in ice.
The phantom completely resists.
The wall freezes the phantom but does no damage.
The phantom barely misses you.
You closely miss the phantom.
The phantom is severely damaged.
The phantom resists.
The wall freezes the phantom.
The phantom barely misses you.
You barely miss the phantom.
The phantom is severely damaged.
The phantom completely resists.
The wall freezes the phantom but does no damage.
The phantom hits you!
* * * LOW HITPOINT WARNING * * *
The phantom blinks!
You blink.
The frozen ramparts melt away as you move.
The phantom barely misses you.
Found a dagger.
The phantom attacks as you move away!
The phantom hits you but does no damage.
Your magical contamination has completely faded away.
The phantom attacks as you move away! The phantom barely misses you.
A kobold comes into view. It is wielding a +0 long sword.
Found 6 stones.
The kobold shouts!
The kobold throws a stone.
The stone barely misses you. The phantom attacks as you move away!
The phantom hits you but does no damage.
The kobold throws a stone.
The stone completely misses you.
You see here a +0 dagger.
The phantom attacks as you move away! The phantom hits you!
* * * LOW HITPOINT WARNING * * *
The phantom attacks as you move away! The phantom hits you.
You die...

.# ##.# ..........#
'###....##
####'###..#
.......... * *
#.###..####
.......... , *
#..........
.......... ,+,*
,###############
.......... * #..
#........ #####.....
#.# ,,#.##.....
*.....
#.#####.#####.##...##
####
#...@WK)......###..#
#######.#####......#
#.# #..###.# #(# #..#
#.# #.# #..# #.# #.#
**#... ..# #..,,
..### ## ###**####


You could see a phantom and a kobold.

Vanquished Creatures
  Sigmund (D:4)
  A howler monkey (D:4)
  2 adders
  A worm (D:4)
  A dart slug (D:3)
  5 orcs (D:4)
  2 endoplasms (D:4)
  3 goblins (D:4)
  A hobgoblin (D:2)
  A ball python (D:4)
  3 bats
  3 kobolds
  A rat (D:1)
25 creatures vanquished.

Notes
Turn   | Place    | Note
-------+----------+-------------------------------------------
     0 | D:1      | hawla the Meteoran Ice Elementalist began the quest for the
                  | Orb.
     0 | D:1      | Reached XP level 1. HP: 14/14 MP: 5/5
    85 | D:2      | Reached XP level 2. HP: 13/20 MP: 0/6
   120 | D:3      | Reached skill level 5 in Ice Magic
   120 | D:3      | Reached XP level 3. HP: 17/26 MP: 2/8
   127 | D:3      | Learned a level 3 spell: Frozen Ramparts
   142 | D:4      | Found a glowing golden altar of the Shining One.
   208 | D:4      | Found a staircase to the Ecumenical Temple.
   220 | Temple   | Entered the Ecumenical Temple
   226 | Temple   | Became a worshipper of Vehumet
   289 | D:4      | Reached XP level 4. HP: 33/33 MP: 5/10
   458 | D:4      | Reached XP level 5. HP: 31/38 MP: 7/12
   643 | D:4      | Noticed Sigmund
   659 | D:4      | Killed Sigmund
   660 | D:4      | Reached skill level 1 in Staves
   660 | D:4      | Reached skill level 5 in Spellcasting
   660 | D:4      | Reached skill level 6 in Ice Magic
   660 | D:4      | Reached XP level 6. HP: 36/46 MP: 6/15
   667 | D:4      | Learned a level 4 spell: Hailstorm
   718 | D:4      | HP: 2/46 [phantom (7)]
   730 | D:4      | HP: 2/46 [phantom (7)]
   731 | D:4      | Slain by a phantom

Illustrated notes

Levels and vault maps discovered:
D:1:      lightli_arrival_windingriver, layout_basic, minmay_tromino_v2
D:2:      layout_rooms, dreamdust_ecumenical_altar_grove
D:3:      layout_basic, mainiacjoe_overflow_alcove_4, uniq_jessica
D:4:      layout_basic, tso_metal_star, temple_hall, uniq_sigmund
Temple:   nicolae_temple_bog_church

Skill      XL: |  1  2  3  4  5 |
---------------+----------------+-----
Spellcasting   | 3 4 5 |  5.6
Ice Magic      | 5 6 |  6.0
Staves         | 1 |  1.3
Fighting       | |  0.3
Dodging        | |  2.6
Stealth        | |  1.4

Action                   |  1- 3 |  4- 6 || total
-------------------------+-------+-------++-------
Melee: Quarterstaff      |     5 |    16 ||    21
 Cast: Freeze            |    14 |     5 ||    19
       Frozen Ramparts   |     7 |     9 ||    16
  Use: Potion            |       |     2 ||     2
Armor: Robe              |     6 |     3 ||     9
Dodge: Dodged            |    13 |    15 ||    28
